 Dungeon Crawl Stone Soup version 0.30-b1-2-g02819fbbbe (webtiles) character file.

Game seed: 15131020308591481142

6062 Metae the Protected (level 10, -1/91 HPs)
             Began as a Minotaur Fighter on June 13, 2023.
             Was a Believer of the Shining One.
             Slain by a death yak (19 damage)
             ... on level 8 of the Dungeon.
             The game lasted 00:37:20 (8987 turns).

Metae the Protected (Minotaur Fighter)              Turns: 8987, Time: 00:37:21

Health: -1/91      AC: 30    Str: 25    XL:     10   Next: 57%
Magic:  13/13      EV:  4    Int: 10    God:    the Shining One [**....]
Gold:   648        SH: 13    Dex: 10    Spells: 9/9 levels left

rFire   . . .        a - +3 flail (protect)
rCold   x . .        n - +0 kite shield
rNeg    + . .        R - +2 crystal plate armour
rPois   .            (helmet restricted)
rElec   .            (no cloak)
rCorr   .            M - +0 pair of gloves
SInv    .            (no boots)
Will    +....        o - amulet of reflection Stlth
                     G - ring "Mushus" {rC- Will+ Int+5}
HPRegen 0.35/turn    S - ring of flight
MPRegen 0.13/turn

%: reflection
@: under a protective aura, flying, glowing, studying Evocations
A: horns 2, retaliatory headbutt
a: Renounce Religion, Divine Shield


You were on level 8 of the Dungeon.
You worshipped the Shining One.
The Shining One was pleased with you.
You visited 2 branches of the dungeon, and saw 9 of its levels.
You also visited: Bailey.

You collected 648 gold pieces.

Inventory:

Hand Weapons
 a - a +3 flail of protection (weapon)
 b - a +0 sling
 c - a +0 morningstar of venom
 Q - a +2 broad axe
Missiles
 p - 42 stones
 r - 6 javelins
 t - 16 poisoned darts
 u - 7 boomerangs
 J - a throwing net
Armour
 n - a +0 kite shield (worn)
 I - a +0 plate armour
 M - a +0 pair of gloves (worn)
 R - a +2 crystal plate armour (worn)
Jewellery
 o - an amulet of reflection (around neck)
 q - an amulet of the acrobat
 A - a ring of protection from fire
 G - the ring "Mushus" (left hand) {rC- Will+ Int+5}
   (You found it on level 5 of the Dungeon)

   [ring of willpower]

   Int:       It affects your intelligence (+5).
   rC:        It makes you vulnerable to cold.
   Will:      It increases your willpower.
 S - a ring of flight (right hand)
Wands
 l - a wand of digging (2)
 H - a wand of roots (13)
 N - a wand of acid (4)
Scrolls
 k - 2 scrolls of vulnerability
 m - a scroll of noise
 s - 2 scrolls of silence
 w - 2 scrolls of fear
 y - a scroll of amnesia
 C - 2 scrolls of immolation
 D - 3 scrolls of teleportation
 E - 3 scrolls of enchant weapon
 F - 4 scrolls of blinking
 L - a scroll of brand weapon
Potions
 d - 3 potions of might
 e - a potion of lignification {unknown}
 f - a potion of attraction {unknown}
 g - 6 potions of curing
 h - 3 potions of degeneration
 i - 3 potions of flight {unknown}
 j - 3 potions of mutation {unknown}
 v - 3 potions of haste {unknown}
 z - 3 potions of cancellation {unknown}
 B - a potion of berserk rage {unknown}
 K - a potion of resistance {unknown}
 O - a potion of brilliance {unknown}
 P - 2 potions of experience


   Skills:
 + Level 9.5 Fighting
 + Level 9.4 Maces & Flails
 - Level 0.2 Throwing
 + Level 9.8 Armour
 - Level 1.3 Dodging
 - Level 0.3 Stealth
 - Level 5.3 Shields
 + Level 6.4 Invocations
 + Level 5.6 Evocations


You had 9 spell levels left.
You didn't know any spells.
Your spell library contained the following spells:

 Spells                   Type           Power      Damage    Failure   Level
 Beastly Appendage        Tmut           0%         N/A       100%        1
 Sandblast                Erth           0%         2d4       100%        1
 Passwall                 Tmut/Erth      0%         N/A       100%        2
 Static Discharge         Conj/Air       0%         2-2/arc   100%        2
 Wereblood                Tmut           0%         N/A       100%        2
 Spider Form              Tmut/Pois      0%         N/A       100%        3
 Stone Arrow              Conj/Erth      0%         3d7       100%        3
 Airstrike                Air            0%         2d(0-16)  100%        4
 Summon Lightning Spire   Summ/Air       0%         N/A       100%        4


Dungeon Overview and Level Annotations

Branches:
Dungeon (8/15)             Temple (1/1) D:4            Lair (0/5) D:8
 Bailey (visited)

Altars:
Ashenzari
Dithmenos
Elyvilon
Fedhas
Gozag
Hepliaklqana
Kikubaaqudgha
Nemelex Xobeh
Okawaru
Ru
Trog
Vehumet
Wu Jian
Xom
Yredelemnul
The Shining One

Shops:
D:6 *


Innate Abilities, Weirdness & Mutations

You have a pair of horns on your head.
You reflexively headbutt those who attack you in melee.


Message History

You sock the death yak!
The death yak is moderately wounded.
The death yak gores you!!
You hit the death yak.
The death yak is moderately wounded.
The death yak barely misses you. You block the death yak's attack.
You sock the death yak! You headbutt the death yak!
The death yak is heavily wounded.
The death yak gores you but does no damage.
You block the death yak's attack.
You hit the death yak but do no damage. You headbutt the death yak.
The death yak is heavily wounded.
You block the death yak's attack. The death yak gores you!
You thump the death yak! You headbutt the death yak.
The death yak is severely wounded.
The death yak gores you.
The death yak gores you but does no damage.
You hit the death yak but do no damage. You headbutt the death yak!
The death yak is severely wounded.
The death yak gores you but does no damage. x2
The death yak attacks as you move away! The death yak gores you.
The death yak attacks as you move away! You block the death yak's attack.
You hit the death yak.
The death yak is lightly wounded.
You block the death yak's attack.
You hit the death yak. You headbutt the death yak!
The death yak is lightly wounded.
The death yak gores you!
You sock the death yak!
The death yak is moderately wounded.
The death yak gores you!
* * * LOW HITPOINT WARNING * * *
You bludgeon the death yak!!
The death yak is heavily wounded.
The death yak gores you.
* * * LOW HITPOINT WARNING * * *
You hit the death yak but do no damage.
The death yak is heavily wounded.
The death yak gores you!!
You die...

#.#<....#.#.# ### ##
#.###...#.#.### .... ..
#.......#.#.... ....##.
######..#.##### .....#.
#^##.[.... .......
#.##.##### >......##
#.........
........##########.........
........YY@)...............
.......#.####..............
......##.# #.......#...###
##.... ..# #.......##.>#
#### #### ######.####.# #.#
#.# #.# #.# #.# #.### #.#
#.#..


You could see 2 death yaks.

Vanquished Creatures
  An orc warlord (Bailey)
  An unseen horror (D:8)
  A wyvern (D:7)
  4 yaks (D:8)
  A water moccasin (D:6)
  3 sky beasts
  10 orc warriors
  An ice beast (D:5)
  2 black bears
  5 ogres
  A phantom (D:6)
  A kobold brigand (D:7)
  3 bullfrogs
  A gnoll sergeant (D:7)
  A scorpion (D:6)
  9 wights
  4 killer bees (D:7)
  A howler monkey (D:7)
  6 jellies
  A gnoll bouda (D:7)
  2 orc priests
  4 hounds
  5 iguanas
  2 sleepcaps
  6 orc wizards
  3 adders
  21 gnolls
  A shadow imp (D:6)
  A white imp (D:5)
  2 worms
  3 dart slugs
  33 orcs
  10 ball pythons
  12 bats
  2 endoplasms (D:2)
  2 giant cockroaches
  14 goblins
  18 hobgoblins
  7 jackals
  5 quokkas
  6 frilled lizards
  6 kobolds
  5 rats
227 creatures vanquished.

Vanquished Creatures (others)
  A butterfly (D:7)
1 creature vanquished.

Grand Total: 228 creatures vanquished

Notes
Turn   | Place    | Note
-------+----------+-------------------------------------------
     0 | D:1      | Metae the Minotaur Fighter began the quest for the Orb.
     0 | D:1      | Reached XP level 1. HP: 19/19 MP: 0/0
   218 | D:1      | Reached XP level 2. HP: 27/27 MP: 1/1
   941 | D:2      | Reached XP level 3. HP: 34/34 MP: 2/2
  1800 | D:3      | Found a blossoming altar of Fedhas.
  2047 | D:3      | Reached XP level 4. HP: 41/41 MP: 3/3
  2329 | D:3      | Reached skill level 5 in Armour
  2336 | D:3      | Reached XP level 5. HP: 47/47 MP: 4/4
  2684 | D:4      | Noticed an ogre
  2690 | D:4      | Killed an ogre
  2691 | D:4      | Reached skill level 1 in Dodging
  2810 | D:4      | Found a staircase to the Ecumenical Temple.
  2829 | Temple   | Entered the Ecumenical Temple
  3606 | D:4      | Noticed a black bear
  3614 | D:4      | Reached XP level 6. HP: 50/53 MP: 5/5
  3617 | D:4      | Reached skill level 5 in Shields
  3721 | D:4      | Reached skill level 5 in Fighting
  3786 | D:4      | Found a sparkling altar of Nemelex Xobeh.
  3831 | D:4      | Reached skill level 5 in Maces & Flails
  4138 | Temple   | Became a worshipper of the Shining One
  4200 | D:5      | Entered Level 5 of the Dungeon
  4221 | D:5      | Reached XP level 7. HP: 48/61 MP: 6/6
  4353 | D:5      | Reached skill level 1 in Invocations
  4517 | D:5      | Found an iron altar of Okawaru.
  4770 | D:5      | Identified the ring "Mushus" {rC- Will+ Int+5}
  4838 | D:5      | Reached XP level 8. HP: 56/70 MP: 8/8
  5741 | D:6      | Reached * piety under the Shining One
  5742 | D:6      | Reached skill level 1 in Evocations
  5903 | D:6      | Found an opulent altar of Gozag.
  5906 | D:6      | Found Gozag's Platinum Reserve.
  5958 | D:6      | Reached XP level 9. HP: 71/79 MP: 11/11
  6902 | D:7      | Found a flagged portal.
  6915 | Bailey   | Entered a bailey
  7119 | Bailey   | Reached skill level 5 in Invocations
  7312 | Bailey   | Noticed an orc warlord
  7335 | Bailey   | The Shining One protects you from harm!
  7338 | Bailey   | Killed an orc warlord
  7339 | Bailey   | Reached XP level 10. HP: 12/90 MP: 9/13
  7339 | Bailey   | HP: 2/90 [orc warrior/+0 war axe (11)]
  8131 | D:7      | Found a white marble altar of Elyvilon.
  8195 | D:7      | Reached ** piety under the Shining One
  8539 | D:8      | Reached skill level 5 in Evocations
  8620 | D:8      | Found a broken altar of Ashenzari.
  8969 | D:8      | Noticed a death yak
  8970 | D:8      | Noticed a death yak
  8972 | D:8      | Found a staircase to the Lair.
  8987 | D:8      | Slain by a death yak

Illustrated notes

Levels and vault maps discovered:
D:1:      scummos_arrival_star, layout_basic
D:2:      layout_basic
D:3:      layout_loops_ring, fedhas_altar_1, nrook_mini_backslash
D:4:      layout_loops_corners, marbit_many_paths, minmay_temple_entry_slanted
D:5:      layout_basic, okawaru_gym_becter, kennysheep_diamond,
          grunt_ministairs_8, minmay_bent
D:6:      layout_basic, nicolae_gozag_zags_fifth_avenue
D:7:      layout_cave_pods, nicolae_elyvilon_peaceful_grove, enter_bailey_4,
          kennysheep_generic_room_13
D:8:      layout_basic, evilmike_ruin_ashenzari, dpeg_lair_monsters,
          grunt_ministairs_9
Temple:   nicolae_temple_ecumenical_triangle

Skill      XL: |  1  2  3  4  5  6  7  8  9 10 |
---------------+-------------------------------+-----
Fighting       | 4 5 6 7 8 9 |  9.5
Armour         | 4 5 6 7 9 |  9.8
Shields        | 4 5 |  5.3
Maces & Flails | 3 4 5 6 7 8 9 |  9.4
Dodging        | 1 |  1.3
Invocations    | 2 4 5 6 |  6.4
Evocations     | 2 4 5 |  5.6
Throwing       | |  0.2
Stealth        | |  0.3

Action                     |  1- 3 |  4- 6 |  7- 9 | 10-12 || total
---------------------------+-------+-------+-------+-------++-------
  Melee: Flail             |    67 |    35 |   247 |   114 ||   463
         Headbutt          |    14 |    13 |    46 |    37 ||   110
         Morningstar       |    11 |    50 |       |       ||    61
  Throw: Dart              |     2 |       |       |       ||     2
         Stone             |       |     2 |       |       ||     2
 Invoke: Divine Shield     |       |       |     1 |       ||     1
    Use: Scroll            |     1 |       |     7 |     8 ||    16
         Potion            |       |     1 |     1 |       ||     2
 Armour: Scale mail        |    49 |    18 |    22 |       ||    89
         Plate armour      |       |       |   117 |       ||   117
         Crystal plate arm |       |       |       |    73 ||    73
  Dodge: Dodged            |    49 |    40 |   101 |    21 ||   211
  Block: Buckler           |     6 |       |       |       ||     6
         Kite shield       |    26 |    36 |   143 |    62 ||   267
